 Seeded DCSS version 0.29-a0-1033-gb6c65ffae6 (webtiles) character file.

Game seed: 11882214131023914620 (custom seed)

2720 purpskrrrp the Nimble (level 9, -6/61 HPs)
             Began as a Merfolk Gladiator on Aug 15, 2022.
             Was an Initiate of Gozag.
             Mangled by an eight-headed hydra (11 damage)
             ... on level 8 of the Dungeon.
             The game lasted 00:19:54 (5379 turns).

purpskrrrp the Nimble (Merfolk Gladiator)           Turns: 5379, Time: 00:19:55

Health: -6/61      AC: 18    Str: 16    XL:     9   Next: 66%
Magic:  9/9        EV: 12    Int:  7    God:    Gozag
Gold:   609        SH: 11    Dex: 18    Spells: 8/8 levels left

rFire   . . .      SeeInvis .   a - +1 trident
rCold   . . .      Faith    .   L - +0 tower shield
rNeg    . . .      Spirit   .   t - +3 plate armour {Will+}
rPois   .          Reflect  .   c - +0 helmet
rElec   .          Harm     .   B - +2 cloak
rCorr   .          Rampage  .   H - +0 pair of gloves
Will    +....                   (no boots)
Stlth   ..........              k - amulet of regeneration
HPRegen 1.00/turn               u - +4 ring of evasion
MPRegen 0.11/turn               s - +4 ring of evasion

@: no status effects
A: (nimble swimmer 2), mertail
a: Renounce Religion, Potion Petition, Call Merchant, Bribe Branch


You were on level 8 of the Dungeon.
You worshipped Gozag.
Gozag was pleased with you.
You visited 2 branches of the dungeon, and saw 9 of its levels.

You collected 699 gold pieces.
You paid 90 gold pieces to Gozag.

Inventory:

Hand Weapons
 a - a +1 trident (weapon)
 w - the +10 hammer of the Stopping Scavenger {vorpal, rC+ Dex+5 Stlth+}
   (You found it on level 4 of the Dungeon)

   It inflicts extra damage upon your enemies.
   Dex:       It affects your dexterity (+5).
   rC:        It protects you from cold.
   Stlth:     It makes you more stealthy.
Missiles
 d - 3 throwing nets (quivered)
 e - a javelin
Armour
 b - a +0 leather armour
 c - a +0 helmet (worn)
 g - a +0 cloak
 t - a +3 plate armour of willpower (worn)
 B - a +2 cloak (worn)
 H - a +0 pair of gloves (worn)
 K - an orb of guile
 L - a +0 tower shield (worn)
Jewellery
 f - a ring of resist corrosion
 i - a ring of willpower
 k - an amulet of regeneration (around neck)
 s - a +4 ring of evasion (right hand)
 u - a +4 ring of evasion (left hand)
 v - a ring of flight
Wands
 h - a wand of roots (7)
 x - a wand of polymorph (13)
 A - a wand of quicksilver (11)
 D - a wand of paralysis (7)
Scrolls
 l - a scroll of blinking
 p - 2 scrolls of teleportation
 y - a scroll of immolation {unknown}
 C - a scroll of vulnerability
 F - a scroll of identify
 G - a scroll of fear {unknown}
 I - a scroll of acquirement {unknown}
 J - a scroll of noise {unknown}
Potions
 j - 2 potions of heal wounds
 m - a potion of might {unknown}
 n - 3 potions of flight
 o - 4 potions of curing
 q - a potion of mutation {unknown}
 r - 3 potions of degeneration
 z - a potion of cancellation {unknown}
 E - a potion of lignification {unknown}


   Skills:
 - Level 2.1 Fighting
 + Level 12.4 Polearms
 - Level 2.0 Throwing
 + Level 12.5 Dodging


You had 8 spell levels left.
You didn't know any spells.
Your spell library contained the following spells:

 Spells                   Type           Power      Damage    Failure   Level
 Ensorcelled Hibernation  Hex/Ice        0%         N/A       100%        2
 Passwall                 Tmut/Erth      0%         N/A       100%        2
 Inner Flame              Hex/Fire       0%         N/A       100%        3
 Swiftness                Air            0%         N/A       100%        3
 Cause Fear               Hex            0%         N/A       100%        4
 Leda's Liquefaction      Hex/Erth       0%         N/A       100%        4
 Lee's Rapid Deconstruct  Erth           0%         3d5*      100%        5
 Statue Form              Tmut/Erth      0%         N/A       100%        6
 Discord                  Hex            0%         N/A       100%        8


Dungeon Overview and Level Annotations

Branches:
Dungeon (8/15)             Temple (1/1) D:4
   Lair: D:8-11

Altars:
Ashenzari
Cheibriados
Dithmenos
Elyvilon
Fedhas
Gozag
Hepliaklqana
Kikubaaqudgha
Okawaru
Qazlal
Ru
Trog
Uskayaw
Vehumet
Wu Jian
Xom
Yredelemnul
Zin
The Shining One

Shops:
D:1 !:   D:5 (

Annotations:
D:5 2 transporters, bchevrier's ghost, novice GnWn
D:6 3 runed translucent doors, nickcage's ghost, novice MfGl
D:7 2 transporters, drugrobin's ghost, novice DgHW


Innate Abilities, Weirdness & Mutations

((You are very nimble when in or above water. (Stealth+, EV+, Speed+++)))
Your lower body shifts to a powerful aquatic tail in water.


Message History

The eight-headed hydra bites you but does no damage. x2
The eight-headed hydra bites you!
You puncture the eight-headed hydra!
The eight-headed hydra is heavily wounded.
The eight-headed hydra bites you but does no damage.
You block the eight-headed hydra's attack.
The eight-headed hydra bites you but does no damage.
You block the eight-headed hydra's attack.
The eight-headed hydra bites you!
The eight-headed hydra bites you but does no damage.
The eight-headed hydra barely misses you.
The eight-headed hydra closely misses you.
You are too injured to fight recklessly!
You are too injured to fight recklessly!
You are too injured to fight recklessly!
You are too injured to fight recklessly!
You are too injured to fight recklessly!
You are too injured to fight recklessly!
You are too injured to fight recklessly!
You hit the eight-headed hydra.
The eight-headed hydra is heavily wounded.
The eight-headed hydra bites you but does no damage.
You block the eight-headed hydra's attack. x3
The eight-headed hydra barely misses you.
The eight-headed hydra bites you.
* * * LOW HITPOINT WARNING * * *
The eight-headed hydra bites you!
* * * LOW HITPOINT WARNING * * *
The eight-headed hydra bites you but does no damage.
You puncture the eight-headed hydra!
The eight-headed hydra is severely wounded.
The eight-headed hydra bites you.
* * * LOW HITPOINT WARNING * * *
You block the eight-headed hydra's attack.
The eight-headed hydra bites you.
* * * LOW HITPOINT WARNING * * *
You block the eight-headed hydra's attack.
The eight-headed hydra bites you!
You die...
Your body crumbles into a pile of gold.

.....>...# #.##.......#
.........#
###.##########
.........# #...#
.........# ##..##
.........# ##..########
.#############.........#
.##.....<..............#
....###########..#######
##### ##@# #D# #.# ...
... . ..... . .....
#######


You could see an eight-headed hydra.

Vanquished Creatures
  The ghost of purpskrrrp the Shooter, a novice FoHu (D:4)
  Sigmund (D:6)
  3 water moccasins
  A sky beast (D:8)
  An orc warrior (D:7)
  An ogre (D:4)
  A centaur (D:5)
  2 phantoms (D:4)
  Blork the orc (D:4)
  3 bullfrogs
  A kobold brigand (D:7)
  A scorpion (D:6)
  A water moccasin zombie (D:4)
  3 wights (D:7)
  A killer bee (D:4)
  2 orc priests (D:7)
  Crazy Yiuf (D:4)
  3 hounds
  4 jellies
  5 iguanas
  3 orc wizards
  4 hound zombies (D:4)
  2 hound skeletons (D:4)
  4 gnolls
  8 adders
  A shadow imp (D:6)
  A white imp (D:7)
  An ufetubus (D:6)
  An adder zombie (D:4)
  3 worms
  4 dart slugs
  15 orcs
  4 bats
  5 endoplasms
  4 giant cockroaches
  3 goblins
  4 hobgoblins
  8 jackals
  9 kobolds
  4 quokkas
  7 ball pythons
  A quokka zombie (D:4)
  6 rats
139 creatures vanquished.

Notes
Turn   | Place    | Note
-------+----------+-------------------------------------------
     0 | D:1      | purpskrrrp the Merfolk Gladiator began the quest for the
                  | Orb.
     0 | D:1      | Reached XP level 1. HP: 16/16 MP: 1/1
   339 | D:1      | Found Tozytais's Book Boutique.
   350 | D:1      | Found Difiz's Distillery.
   419 | D:1      | Reached XP level 2. HP: 22/22 MP: 2/2
   548 | D:1      | Found a faded altar of an unknown god.
   548 | D:1      | You fall into a shaft and drop 1 floor!
   717 | D:2      | Reached XP level 3. HP: 27/27 MP: 3/3
   791 | D:2      | Reached skill level 5 in Polearms
   791 | D:2      | Reached skill level 5 in Dodging
  1151 | D:3      | Found a broken altar of Ashenzari.
  1229 | D:3      | Reached XP level 4. HP: 28/33 MP: 4/4
  1568 | D:3      | Found a bloodstained altar of Trog.
  1610 | D:4      | Found a staircase to the Ecumenical Temple.
  1631 | D:4      | Identified the +10 hammer of the Stopping Scavenger
                  | {vorpal, rC+ Dex+5 Stlth+}
  1649 | D:4      | Found a runed translucent door.
  1650 | D:4      | Noticed Crazy Yiuf
  1735 | D:4      | Reached XP level 5. HP: 36/38 MP: 5/5
  1824 | D:4      | Noticed a water moccasin
  1862 | D:4      | Killed a water moccasin
  1863 | D:4      | Reached XP level 6. HP: 19/44 MP: 6/6
  1928 | D:4      | Noticed Blork the orc
  1959 | D:4      | Killed Blork the orc
  2042 | D:4      | Reached XP level 7. HP: 50/50 MP: 7/7
  2351 | D:4      | Reached XP level 8. HP: 56/56 MP: 8/8
  2392 | D:4      | Found a runed translucent door.
  2477 | D:4      | Noticed purpskrrrp's ghost (novice FoHu)
  2516 | Temple   | Entered the Ecumenical Temple
  2757 | D:4      | Killed Crazy Yiuf
  2859 | D:4      | Killed purpskrrrp's ghost
  2904 | D:5      | Entered Level 5 of the Dungeon
  2973 | D:5      | Reached skill level 10 in Polearms
  2973 | D:5      | Reached skill level 10 in Dodging
  3167 | D:5      | Found an opulent altar of Gozag.
  3172 | D:5      | Became a worshipper of Gozag Ym Sagoz the Greedy
  3332 | D:5      | Found Tokatoal's Weapon Emporium.
  3358 | D:5      | Found a transporter.
  3359 | D:5      | Found a transporter.
  3359 | D:5      | Noticed bchevrier's ghost (novice GnWn)
  3926 | D:6      | Noticed a yak
  3928 | D:6      | Found a runed translucent gate.
  3929 | D:6      | Found a runed translucent gate.
  3930 | D:6      | Found a runed translucent gate.
  3930 | D:6      | Noticed a cyclops
  3931 | D:6      | Noticed nickcage's ghost (novice MfGl)
  3971 | D:6      | Reached XP level 9. HP: 61/61 MP: 9/9
  3985 | D:6      | Noticed Sigmund
  4000 | D:6      | Killed Sigmund
  4650 | D:7      | Noticed drugrobin's ghost (novice DgHW)
  4650 | D:7      | Found a transporter.
  4650 | D:7      | Found a transporter.
  5370 | D:8      | Noticed an eight-headed hydra
  5379 | D:8      | Mangled by an eight-headed hydra

Illustrated notes

Levels and vault maps discovered:
D:1:      elethiomel_arrival_maze, layout_basic,
          shapermc_ecumenical_altar_pompeii, serial_shops, shop,
          nicolae_shop_window_shopping, nicolae_shop_trees, nicolae_shop_stone
D:2:      layout_rooms
D:3:      layout_basic, nicolae_ashenzari_panopticon, lightli_temple_of_fire,
          amcnicky_mini_corridor_feature, minmay_misc_feat_rows,
          serial_bayou_crossing
D:4:      kennysheep_spiral_hall, layout_rooms, minmay_temple_entry_mist,
          serial_undead, serial_undead_a, serial_undead_a, serial_undead_f,
          serial_undead_b, ebering_ghost_reflecting_pool,
          minmay_divided_ellipse, uniq_blork_the_orc, uniq_crazy_yiuf_cottage
D:5:      minmay_angry_zag, layout_loops_corners, mainiacjoe_overflow_alcove_4,
          serial_shops, shop, gammafunk_ghost_mausoleum
D:6:      layout_basic, gammafunk_ghost_split, kennysheep_generic_room_15,
          uniq_sigmund
D:7:      layout_rooms, gammafunk_ghost_arena, reono_crystal_passage
D:8:      layout_rooms, mainiacjoe_overflow_tiny_flanked
Temple:   eino_temple_rhombus

Skill      XL: |  1  2  3  4  5  6  7  8  9 |
---------------+----------------------------+-----
Polearms       | 5 7 9 10 12 | 12.4
Dodging        | 5 7 9 11 12 | 12.5
Fighting       | |  2.1
Throwing       | |  2.0

Action                   |  1- 3 |  4- 6 |  7- 9 || total
-------------------------+-------+-------+-------++-------
Melee: Trident           |   123 |   166 |   483 ||   772
       Punch             |       |     1 |     5 ||     6
  Use: Scroll            |       |     8 |     5 ||    13
       Potion            |       |     1 |       ||     1
 Stab: Sleeping          |     3 |       |     2 ||     5
       Distracted        |       |     1 |       ||     1
Armor: Leather armour    |    35 |    20 |    39 ||    94
       Plate armour      |       |       |    14 ||    14
Dodge: Dodged            |   103 |   160 |   430 ||   693
Block: Tower shield      |       |       |    15 ||    15

Table legend: (Time is in decaauts)
 A = Elapsed time spent in this place.
 B = Non-inter-level travel time spent in this place.
 C = Inter-level travel time spent in this place.
 D = Time resting spent in this place.
 E = Time spent auto-exploring this place.
 F = Levels seen in this place.
 G = Mean time per level.
                   A        B        C        D        E       F      G
               +--------+--------+--------+--------+--------+-----+--------+
         Total |   5265 |   5027 |    238 |    198 |   3399 |   9 |  585.0 |
       Dungeon |   5054 |   4851 |    203 |    198 |   3237 |   8 |  631.8 |
        Temple |    211 |    176 |     35 |      0 |    162 |   1 |  211.0 |
               +--------+--------+--------+--------+--------+-----+--------+

Top non-repeatable levels by time:
     D:4: 1052 daAuts
     D:6: 866 daAuts
     D:5: 842 daAuts
     D:3: 641 daAuts
     D:1: 550 daAuts
     D:7: 520 daAuts
     D:2: 415 daAuts
  Temple: 211 daAuts
     D:8: 165 daAuts
